cohdb
Replays
Latest Replays
All Replays
Popular Replays
Top Player Replays
Match Explorer
How It Works
Community
CoH3 Stats
Reddit
Sign in to upload your games and track your stats! →
Sign in with Steam
Match 45808991
Unlisted
Match 45808991
Overview
Messages
Build Orders
End
Panzerpioneer Squad
250 Light Carrier
Selects Panzerjäger Kommand Battlegroup
Selects Mine Fields
250 Light Carrier
Panzergrenadier Squad
Construct Light Support Kompanie
Selects GrB 39 Grenade Launcher Requisition
Combat Half-tracks
Assault Mechanized Group
Panzerjäger Squad
Panzerjäger Squad
2.5-tonne Medical Truck
Fire Support Elements
Selects Defensive Positions
Panzerjäger Mechanized Group
Flakvierling Half-track
Selects Crew Shock Tactics
Construct Panzerarmee Kommand
Flakvierling Half-track
Selects Butterfly Bomb Drop
Flakvierling Half-track
Pak 38 Mechanized Group
Crew Shock Tactics
Construct Panzerarmee Kommand
Selects Elefant Tank Destroyer
Walking Stuka Rocket Launcher
Crew Shock Tactics
Elefant Tank Destroyer
Crew Shock Tactics
Selects Butterfly Bomb Drop
Butterfly Bomb Drop
Panzerjäger Mechanized Group
FireMission: Anti-Zulu
⚓️Ruby⚓
nub
oziligath
0
0
Comments
sign in to comment!
No comments posted yet!